 Dungeon Crawl Stone Soup version 0.30.2 (webtiles) character file.

Game seed: 3189020234523947970

422 porpoise the Shooter (level 6, -8/51 HPs)
             Began as a Demonspawn Hunter on Apr 13, 2024.
             Shot with an arrow by a centaur (20 damage)
             ... on level 4 of the Dungeon.
             The game lasted 00:08:23 (3556 turns).

porpoise the Shooter (Demonspawn Hunter)            Turns: 3556, Time: 00:08:23

Health: -8/51      AC:  7    Str: 12    XL:     6   Next: 63%
Magic:  6/6        EV: 12    Int: 10    God:
Gold:   174        SH:  0    Dex: 18    Spells: 5/5 levels left

rFire   . . .        a - +0 shortbow
rCold   . . .        (shield currently unavailable)
rNeg    . . .        c - +0 leather armour
rPois   .            (helmet restricted)
rElec   .            (no cloak)
rCorr   .            (no gloves)
SInv    .            e - +1 pair of boots
Will    .....        r - amulet of the acrobat
Stlth   ++           d - ring of flight
HPRegen 0.28/turn    (no ring)
MPRegen 0.10/turn

%: acrobat
@: flying
A: horns 1, rugged brown scales 2, foul stench 1, powered by pain 1
a: no special abilities


You were on level 4 of the Dungeon.
You visited 1 branch of the dungeon, and saw 4 of its levels.

You collected 174 gold pieces.

Inventory:

Hand Weapons
 a - a +0 shortbow (weapon)
 w - a +2 dagger of venom
Armour
 c - a +0 leather armour (worn)
 e - a +1 pair of boots (worn)
 n - a scarf of shadows
Jewellery
 d - a ring of flight (left hand)
 f - an amulet of guardian spirit
 q - a ring of see invisible
 r - an amulet of the acrobat (around neck)
Wands
 o - a wand of flame (30)
Scrolls
 b - a scroll of immolation
 g - 2 scrolls of fog
 l - a scroll of magic mapping {unknown}
 m - a scroll of silence {unknown}
 u - a scroll of amnesia {unknown}
Potions
 h - 2 potions of resistance
 i - 3 potions of flight {unknown}
 j - 2 potions of magic {unknown}
 k - 2 potions of heal wounds {unknown}
 p - a potion of curing
 s - a potion of ambrosia {unknown}
 t - a potion of lignification {unknown}


   Skills:
 + Level 4.3 Fighting
 * Level 6.3 Ranged Weapons
 - Level 1.7 Dodging
 - Level 0.8 Stealth


You had 5 spell levels left.
You didn't know any spells.
Your spell library contained the following spells:

 Spells                   Type           Power      Damage    Failure   Level
 Scorch                   Fire           0%         2d5       58%         2
 Sublimation of Blood     Necr           0%         N/A       58%         2
 Wereblood                Tmut           0%         N/A       58%         2
 Flame Wave               Conj/Fire      0%         2d4       99%         4
 Petrify                  Tmut/Erth      0%         N/A       99%         4
 Irradiate                Conj/Tmut      0%         3d11      100%        5
 Summon Cactus Giant      Summ           0%         N/A       100%        6
 Summon Hydra             Summ           0%         N/A       100%        7


Dungeon Overview and Level Annotations

Branches:
Dungeon (4/15)
 Temple: D:4-7

Altars:
Cheibriados
Vehumet

Annotations:
D:3 3 runed translucent doors, badhabdad's ghost, amateur DsGl; snydleywhiplash's ghost, weakling MiFi


Innate Abilities, Weirdness & Mutations

You have a pair of small horns on your head.
You are mostly covered in rugged brown scales. (AC +2, +5% HP)
You may rarely emit foul miasma when damaged in melee.
You sometimes gain a little power by taking damage.


Message History

a +0 short sword; 5 stones; a kobold corpse
u - a scroll labelled FILLEVV AGUI You pick up a book of Blood and begin reading...
You add the spells Wereblood and Summon Hydra to your library.
You hear the quick rusting of a very distant drain.
You see here a +0 dagger.
A centaur comes into view.
The centaur shouts!
The centaur wields a +2 heavy shortbow.
The centaur shoots an arrow.
The arrow misses you.
You shoot an arrow. The arrow hits the centaur!
The centaur is moderately wounded.
You shoot an arrow. The arrow hits the centaur.
The centaur is heavily wounded.
The centaur shoots an arrow.
The arrow hits you!!
You shoot an arrow.
The arrow hits the centaur but does no damage.
The centaur is heavily wounded.
The centaur shoots an arrow.
The arrow closely misses you.
You shoot an arrow.
The arrow completely misses the centaur.
The centaur shoots an arrow.
The arrow hits you!
You are too injured to fight recklessly!
You are too injured to fight recklessly!
Fire: a) +0 shortbow
Press: ? - help, Q - select action, (/) - cycle Shift-Dir - straight line, f/p - centaur
Aim: a centaur, wielding a +2 heavy shortbow (heavily wounded, 76% to hit)
You shoot an arrow. The arrow hits the centaur!
The centaur is severely wounded.
The centaur shoots an arrow.
The arrow hits you!
* * * LOW HITPOINT WARNING * * *
Okay, then.
Unknown command.
Fire: a) +0 shortbow
Press: ? - help, Q - select action, (/) - cycle Shift-Dir - straight line, f/p - centaur
Aim: a centaur, wielding a +2 heavy shortbow (severely wounded, 76% to hit)
You shoot an arrow. The arrow hits the centaur.
The centaur is almost dead.
The centaur shoots an arrow.
The arrow hits you!!
You die...

#..##...# #...# #.##.##.# #
#..##...# #...# #.##.##.###
#.......#### #...#####.......##.
##.##......# ##..............##.
........##.# ##.#####........##.
........##.####...####..##.##.##.
..###.#.......).....##..##.......
..# #.#.##.####.....c......##.##.
..# #.#.##.# ##@.#.##..##.##.##.
### #....(.# #..............###
###.#### #....##........# #..#
#..####......### #.## #..#
##..###.# #.# .... .... #.# #.#
.... ###.###.# #.# ..... #.....#
#.# ###.###


You could see a centaur.

Vanquished Creatures
  A black bear (D:4)
  An iguana (D:4)
  Ijyb (D:3)
  Natasha (thrice) (D:3)
  An orc wizard (D:3)
  Robin (D:3)
  5 adders
  3 worms
  4 dart slugs
  8 orcs
  8 ball pythons
  8 bats
  9 endoplasms
  2 giant cockroaches (D:1)
  15 goblins
  9 hobgoblins
  5 quokkas
  3 frilled lizards
  11 kobolds
  3 rats
101 creatures vanquished.

Notes
Turn   | Place    | Note
-------+----------+-------------------------------------------
     0 | D:1      | porpoise the Demonspawn Hunter began the quest for the Orb.
     0 | D:1      | Reached XP level 1. HP: 16/16 MP: 1/1
    83 | D:1      | Gained mutation: You are partially covered in rugged brown
                  | scales. (AC +1, +3% HP) [demonic ancestry]
    83 | D:1      | Reached XP level 2. HP: 16/22 MP: 2/2
   117 | D:1      | Reached skill level 4 in Ranged Weapons
   355 | D:1      | Gained mutation: You are mostly covered in rugged brown
                  | scales. (AC +2, +5% HP) [demonic ancestry]
   355 | D:1      | Reached XP level 3. HP: 23/29 MP: 3/3
   992 | D:2      | Gained mutation: You may rarely emit foul miasma when
                  | damaged in melee. [demonic ancestry]
   992 | D:2      | Reached XP level 4. HP: 36/36 MP: 4/4
  1229 | D:2      | Found a faded altar of an unknown god.
  1507 | D:3      | Noticed Natasha
  1515 | D:3      | Killed Natasha
  1516 | D:3      | Reached skill level 5 in Ranged Weapons
  1585 | D:3      | Found a radiant altar of Vehumet.
  1650 | D:3      | Noticed Natasha
  1658 | D:3      | Killed Natasha
  1659 | D:3      | Gained mutation: You have a pair of small horns on your
                  | head. [demonic ancestry]
  1659 | D:3      | Reached XP level 5. HP: 37/43 MP: 5/5
  1663 | D:3      | Noticed Natasha
  1669 | D:3      | Killed Natasha
  1875 | D:3      | Found a snail-covered altar of Cheibriados.
  2127 | D:3      | Noticed Robin
  2153 | D:3      | Killed Robin
  2416 | D:3      | Noticed Ijyb
  2428 | D:3      | Killed Ijyb
  2629 | D:3      | Gained mutation: You sometimes gain a little power by
                  | taking damage. [demonic ancestry]
  2629 | D:3      | Reached XP level 6. HP: 26/50 MP: 6/6
  2855 | D:3      | Found a runed translucent gate.
  2856 | D:3      | Found a runed translucent gate.
  2856 | D:3      | Found a runed translucent gate.
  2857 | D:3      | Noticed snydleywhiplash's ghost (weakling MiFi)
  2857 | D:3      | Noticed badhabdad's ghost (amateur DsGl)
  2990 | D:4      | Reached skill level 6 in Ranged Weapons
  3556 | D:4      | Shot with an arrow by a centaur

Illustrated notes

Levels and vault maps discovered:
D:1:      dpeg_arrival_solitude, layout_rooms, amcnicky_mini_pool_small
D:2:      layout_basic, shapermc_ecumenical_altar_petra
D:3:      layout_basic, kennysheep_slug_shrine, vehumet_altar_wand_db,
          gammafunk_ghost_cemetery, uniq_natasha, uniq_ijyb, uniq_robin
D:4:      layout_loops_cross, portal_sewer_entry_b,
          chequers_serial_rivers_micro_c

Skill      XL: |  1  2  3  4  5  6 |
---------------+-------------------+-----
Ranged Weapons | 4 5 6 |  6.3
Fighting       | 3 4 |  4.3
Dodging        | |  1.7
Stealth        | |  0.8

Action                     |  1- 3 |  4- 6 || total
---------------------------+-------+-------++-------
  Melee: War axe           |     5 |       ||     5
   Fire: Shortbow          |   112 |   213 ||   325
    Use: Scroll            |       |     5 ||     5
   Stab: Sleeping          |     1 |       ||     1
 Armour: Leather armour    |    17 |    47 ||    64
  Dodge: Dodged            |    40 |    70 ||   110
